 Dungeon Crawl Stone Soup version 0.18-a0-1243-g9e52518 (webtiles) character file.

109 Duffy the Ruffian (level 4, -2/37 (38) HPs)
             Began as a Ghoul Fighter on Feb 5, 2016.
             Slain by an ogre
             ... wielding a +0 giant club
              (20 damage)
             ... on level 4 of the Dungeon.
             The game lasted 00:02:27 (2581 turns).

Duffy the Ruffian (Ghoul Fighter)                   Turns: 2581, Time: 00:02:28

HP:   -2/37 (38)    AC:  6    Str: 20    XL:     4   Next: 90%
MP:   3/3           EV:  7    Int:  3    God:
Gold: 239           SH:  8    Dex:  8    Spells: 0 memorised, 3 levels left

rFire  . . .     SeeInvis .       - Unarmed
rCold  + . .     Gourm    .     a - +0 scale mail
rNeg   + + +     Faith    .     b - +0 shield
rPois  ∞         Spirit   .     (no helmet)
rElec  .         Dismiss  .     (no cloak)
rCorr  .         Reflect  .     (no gloves)
SustAt .         Harm     .     (no boots)
MR     .....                    (no amulet)
Stlth  ..........               (no ring)
                                (no ring)

@: rotting, not resistant to hostile enchantments, extremely unstealthy
A: rotting body, claws 1, carnivore 3, cold resistance 1, negative energy
resistance 3, slow regeneration 1, torment resistance, unbreathing
a: no special abilities


You were on level 4 of the Dungeon.
You were not hungry.

You visited 1 branch of the dungeon, and saw 4 of its levels.

You collected 239 gold pieces.


Innate Abilities, Weirdness & Mutations

Your body is rotting away.
You thrive on raw meat.
You are immune to poison.
You have sharp fingernails.
You are carnivorous and can eat meat at any time.
Your flesh is cold resistant.
You are immune to negative energy.
You regenerate slowly when monsters are visible.
You are immune to unholy pain and torment.
You can survive without breathing.


   Skills:
 - Level 3.2 Fighting
 - Level 2.6 Armour
 - Level 2.6 Shields
 + Level 5.4 Unarmed Combat


You had 3 spell levels left.
You didn't know any spells.

Inventory:

Missiles
 n - 9 poisoned needles
Armour
 a - a +0 scale mail (worn)
 b - a +0 shield (worn)
Scrolls
 e - 3 scrolls of identify {unknown}
 f - a scroll of immolation {unknown}
 h - 2 scrolls of teleportation {unknown}
 j - a scroll of magic mapping {unknown}
 k - a scroll of random uselessness {unknown}
 l - a scroll of fear {unknown}
 m - 2 scrolls of recharging {unknown}
 o - a scroll of amnesia {unknown}
 p - a scroll of enchant weapon {unknown}
 t - a scroll of remove curse {unknown}
 v - a scroll of fog {unknown}
Potions
 c - 2 potions of might
 i - a potion of brilliance {unknown}
 q - a potion of curing {unknown}
 r - a potion of haste {unknown}
 u - a potion of berserk rage {unknown}
Comestibles
 d - 3 meat rations
 g - a slice of pizza

Dungeon Overview and Level Annotations

Branches:
Dungeon (4/15)
 Temple: D:4-7

Altars:


Message History

There is a stone staircase leading down here.
HP restored.
Done exploring.
You climb downwards.
You block the ogre's attack. The kobold hits you but does no damage.
There is a stone staircase leading up here.
You see here a stone.
The kobold barely misses you.
You scratch the ogre.
The ogre is lightly wounded.
The ogre hits you with a giant club!!
Ouch! That really hurt!
You are too injured to fight recklessly!
You are too injured to fight recklessly!
You are too injured to fight recklessly!
You are too injured to fight recklessly!
You are too injured to fight recklessly!
You are too injured to fight recklessly!
You are too injured to fight recklessly!
You are too injured to fight recklessly!
You are too injured to fight recklessly!
You are too injured to fight recklessly!
You are too injured to fight recklessly!
You are too injured to fight recklessly!
You are too injured to fight recklessly!
You are too injured to fight recklessly!
You scratch the ogre.
The ogre is moderately wounded.
You feel your flesh rotting away. You block the ogre's attack.
You claw the ogre!
The ogre is severely wounded.
The ogre hits you with a giant club!!
Ouch! That really hurt!
You die...

####..........##
#.#.##.#
###'##......#
#.#.####
#.##......# #.#.#
#.##......# #.#.#
#.##......# #.#.#
#.##......# #.#.#
#.##......# #.#.#
#.........###.#.#
#........KO@..#.#
##.......######.#
#.......#
#.############
#.......#
#.............
#.......#
#############.
#.......# #.
#.......# #.
######### #. #.


You could see an ogre and a kobold.

Action                   |  1- 3 |  4- 6 || total
-------------------------+-------+-------++-------
Melee: Unarmed           |   106 |    55 ||   161
  Eat: Chunk             |    15 |    15 ||    30

Notes
Turn   | Place    | Note
--------------------------------------------------------------
     0 | D:1      | Duffy the Ghoul Fighter began the quest for the Orb.
     0 | D:1      | Reached XP level 1. HP: 19/19 MP: 0/0
   157 | D:1      | Reached XP level 2. HP: 24/26 MP: 1/1
   288 | D:1      | Reached skill level 3 in Unarmed Combat
  1159 | D:2      | Reached XP level 3. HP: 31/31 MP: 2/2
  1258 | D:2      | Reached skill level 4 in Unarmed Combat
  1401 | D:2      | Reached XP level 4. HP: 22/38 MP: 3/3
  1914 | D:3      | Reached skill level 5 in Unarmed Combat
  2288 | D:4      | Noticed an ogre
  2581 | D:4      | Slain by an ogre

Vault maps used:
D:1:      ncdulo_lavacross
D:2:      hangedman_decor_diamond_cutter
D:4:      kennysheep_generic_room_4

Vanquished Creatures
  An iguana
  An adder
  3 gnolls
  5 bats
  5 giant cockroaches
  7 goblins
  7 hobgoblins
  3 ball pythons
  4 giant newts
  4 kobolds
  6 rats
46 creatures vanquished.
